AoeStats
← Spensounet

Arabia

510384651Analyzed
1v1 RM · 14h ago on Sep 30, 2026· 42m 28s· 2 players
Game mode
Random Map
Map size
Tiny (2 player)
Population
200
Speed
Normal
Resources
Standard
Victory
Conquest
Starting age
Dark Age
Ending age
Imperial Age
RankedLock teamsTeams togetherTeam positionsShared explorationLock speedFull tech treeHidden civsTurbo modeCheats
Victory
Defeat
🇩🇪 Spanish · Germany
1423
+13
🇫🇷 Lithuanians · France
1360
-13
Spensounet
5:31 Loom
8:21 Feudal Age
9:04 Double-Bit Axe
10:49 Horse Collar
16:10 Town Watch
21:09 Castle Age
19:43 Bloodlines
20:20 Forging
20:59 Scale Barding Armor
23:03 Chain Barding Armor
23:32 Husbandry
24:39 Heavy Plow
26:25 Iron Casting
40:19 Imperial Age
40:23 Cavalier
41:43 Fletching
LuMa
6:23 Loom
9:34 Feudal Age
10:24 Double-Bit Axe
10:32 Horse Collar
15:03 Wheelbarrow
20:44 Castle Age
19:57 Bloodlines
20:29 Padded Archer Armor
22:08 Bow Saw
22:20 Leather Archer Armor
22:12 Husbandry
35:56 Imperial Age
39:16 Conscription
42:04 Ring Archer Armor
Connection lost

Rejoining the realm…

Still unreachable

The connection could not be restored.

Session expired

The server has moved on; the page needs a fresh start.